 Dungeon Crawl Stone Soup version 0.29.1-12-g30fa7ad0bf (webtiles) character file.

Game seed: 10580123689180772699

631 hawla the Firebug (level 8, 0/59 HPs)
             Began as a Meteoran Fire Elementalist on Jan 14, 2023.
             Slain by a quasit (1 damage)
             ... summoned by Eustachio
             ... on level 5 of the Dungeon.
             The game lasted 00:07:26 (1005 turns).

hawla the Firebug (Meteoran Fire Elementalist)      Turns: 1005, Time: 00:07:27

Health: 0/59       AC:  3    Str: 10      XL:     8   Next: 6%
Magic:  0/16       EV: 12    Int: 19      God:
Gold:   137        SH:  0    Dex: 12 (14) Spells: 9/17 levels left

rFire   + . .      SeeInvis .   c - +0 lajatang
rCold   + . .      Faith    .   (shield currently unavailable)
rNeg    . . .      Spirit   .   a - +0 robe
rPois   .          Reflect  .   g - +0 helmet
rElec   .          Harm     .   b - scarf {rC+ rF+}
rCorr   .          Rampage  .   (no gloves)
Will    +....                   (no boots)
Stlth   +.........              (no amulet)
HPRegen 0.19/turn               (no ring)
MPRegen 0.15/turn               (no ring)

@: mighty, glowing
A: sense surroundings 1, otherworldly, glowing, explore regen
a: no special abilities


You were on level 5 of the Dungeon.
You visited 1 branch of the dungeon, and saw 5 of its levels.

You collected 181 gold pieces.
You spent 44 gold pieces at shops.

Inventory:

Hand Weapons
 c - a +0 lajatang (weapon)
Armour
 a - a +0 robe (worn)
 b - a scarf of resistance (worn)
 g - a +0 helmet (worn)
Scrolls
 e - 2 scrolls of poison
 i - a scroll of immolation
 j - a scroll of teleportation
Potions
 d - a potion of degeneration
 f - 2 potions of curing
 l - 2 potions of haste


   Skills:
 + Level 1.3 Fighting
 + Level 2.3 Staves
 + Level 3.0 Dodging
 - Level 1.4 Stealth
 + Level 5.0 Spellcasting
 + Level 5.3 Conjurations
 + Level 6.3 Fire Magic


You had 9 spell levels left.
You knew the following spells:

 Your Spells              Type           Power      Damage    Failure   Level
a - Foxfire               Conj/Fire      100%       2x1d9     1%          1
b - Scorch                Fire           56%        2d7       1%          2
c - Flame Wave            Conj/Fire      26%        2d8       11%         4
d - Apportation           Tloc           8%         N/A       12%         1

Your spell library contained the following spells:

 Spells                   Type           Power      Damage    Failure   Level
 Conjure Flame            Conj/Fire      26%        6-21      3%          3
 Inner Flame              Hex/Fire       16%        N/A       11%         3
 Necrotise                Necr           16%        1d4       12%         1
 Summon Small Mammal      Summ           16%        N/A       12%         1


Dungeon Overview and Level Annotations

Branches:
Dungeon (5/15) Zot: 1987
 Temple: D:4-7

Altars:
Makhleb
Qazlal
Trog
Uskayaw

Shops:
D:2 (   D:3 *

Annotations:
D:5 Eustachio


Innate Abilities, Weirdness & Mutations

You passively map a small area around you.
You are easily found by Zot.
You glow in the dark.
You regain HP and MP as you explore.


Message History

You feel clumsy. The quasit claws you.
The crimson imp hits you but does no damage.
The river rat bites you. The rat bites you.
* * * LOW HITPOINT WARNING * * *
The iron imp barely misses you.
You closely miss Eustachio.
Eustachio is severely wounded.
The quasit barely misses you.
The quasit claws you but does no damage.
The quasit claws you.
* * * LOW HITPOINT WARNING * * *
Eustachio hits you with a +0 falchion!
* * * LOW HITPOINT WARNING * * *
The crimson imp hits you.
* * * LOW HITPOINT WARNING * * *
The river rat misses you. The rat completely misses you.
The quasit closely misses you. The quasit barely misses you.
The quasit closely misses you.
Eustachio zaps a wand.
You easily resist.
The iron imp barely misses you.
Casting: Scorch (safe; 1% risk of failure)
Confirm with . or Enter, or press ? or * to list all spells.
Casting: Flame Wave (dangerous; 11% risk of failure)
Press: ? - help, Dir - look around, f - activate A wave of flame ripples out!
The flame wave engulfs the rat!
You kill the rat!
The rat's corpse disappears in a puff of smoke!
The flame wave engulfs the iron imp.
The iron imp completely resists.
The flame wave engulfs Eustachio.
Eustachio is almost dead.
The flame wave engulfs the river rat.
The river rat is lightly wounded.
The flame wave engulfs the crimson imp.
The crimson imp completely resists.
The flame wave engulfs the quasit.
The quasit resists.
The quasit is lightly wounded. (Press . to intensify the flame waves.)
The crimson imp shouts, "Return whence thou came, thou worthless clapper-clawed flirt-gill!"
The crimson imp barely misses you. The river rat barely misses you.
The quasit bites you.
You die...

, , , ... * , ,
...####* * , ,
*......* *
###...### , ,
.##E#...#E# * * ,
#.###...####
#......ยง5..## , ,
......_@@r..# ,
,..........5.5..#
.....###...###.#
......#E#...#E#.# *
......###...#####
##................#
#........g......###
g.............###
.......#...)...#


You could see an earth elemental, a water elemental, Eustachio, a fire
elemental, an air elemental, an iron imp (summoned), a quasit (summoned), a
crimson imp (summoned) and a river rat (summoned).

Vanquished Creatures
  Sigmund (D:5)
  A scorpion (D:5)
  A necrophage (D:4)
  3 wights (D:4)
  A gnoll bouda (D:5)
  Jessica (D:3)
  An iguana (D:4)
  7 gnolls
  2 adders
  A worm (D:4)
  4 orcs (D:4)
  2 bats (D:1)
  4 endoplasms
  A giant cockroach (D:4)
  4 goblins
  5 hobgoblins
  4 ball pythons
  A frilled lizard (D:3)
  A kobold (D:4)
  A rat (D:2)
46 creatures vanquished.

Vanquished Creatures (others)
  87 foxfires
87 creatures vanquished.

Grand Total: 133 creatures vanquished

Notes
Turn   | Place    | Note
-------+----------+-------------------------------------------
     0 | D:1      | hawla the Meteoran Fire Elementalist began the quest for
                  | the Orb.
     0 | D:1      | Reached XP level 1. HP: 14/14 MP: 5/5
    21 | D:1      | Reached skill level 4 in Fire Magic
    25 | D:1      | Reached XP level 2. HP: 14/20 MP: 4/6
    57 | D:1      | Learned a level 2 spell: Scorch
    68 | D:1      | Found a faded altar of an unknown god.
   174 | D:2      | Found Kedukhli's Weapon Emporium.
   221 | D:3      | Noticed Jessica
   226 | D:3      | Killed Jessica
   227 | D:3      | Reached XP level 3. HP: 27/27 MP: 1/8
   230 | D:3      | Reached XP level 4. HP: 34/34 MP: 2/9
   237 | D:3      | Learned a level 4 spell: Flame Wave
   259 | D:3      | Found Voteitur's Assorted Antiques.
   262 | D:3      | Bought a golden potion for 22 gold pieces
   262 | D:3      | Bought an orange potion for 22 gold pieces
   476 | D:4      | Noticed a wight
   481 | D:4      | Killed a wight
   482 | D:4      | Reached XP level 5. HP: 39/39 MP: 4/10
   549 | D:4      | Noticed a necrophage
   571 | D:4      | Killed a necrophage
   572 | D:4      | Reached skill level 5 in Fire Magic
   572 | D:4      | Reached XP level 6. HP: 36/46 MP: 1/12
   584 | D:4      | Learned a level 1 spell: Apportation
   676 | D:4      | Reached skill level 1 in Staves
   726 | D:4      | Found a hide-covered altar of Uskayaw.
   732 | D:4      | Found a burning altar of Makhleb.
   741 | D:4      | Found a bloodstained altar of Trog.
   767 | D:4      | Reached XP level 7. HP: 30/51 MP: 9/14
   770 | D:4      | Reached skill level 5 in Conjurations
   916 | D:5      | Entered Level 5 of the Dungeon
   919 | D:5      | Reached skill level 1 in Fighting
   974 | D:5      | Found a stormy altar of Qazlal.
   978 | D:5      | Noticed a fire elemental
   978 | D:5      | Noticed an air elemental
   978 | D:5      | Noticed a water elemental
   978 | D:5      | Noticed Sigmund
   983 | D:5      | Killed Sigmund
   984 | D:5      | Reached skill level 5 in Spellcasting
   984 | D:5      | Reached skill level 6 in Fire Magic
   984 | D:5      | Reached XP level 8. HP: 45/59 MP: 10/16
   993 | D:5      | Noticed Eustachio
  1004 | D:5      | HP: 1/59 [crimson imp[Eustachio] (4)]
  1005 | D:5      | Slain by a quasit

Illustrated notes

Levels and vault maps discovered:
D:1:      minmay_arrival_diagonal_passages, layout_basic,
          shapermc_ecumenical_altar_venn, minmay_pentomino_r4
D:2:      minmay_angry_zag, layout_loops_corners, serial_shops,
          nicolae_diamond_shop, uniq_terence, uniq_crazy_yiuf_cottage
D:3:      layout_rooms, serial_shops, nicolae_shop_behind_doors,
          lemuel_flame_loot_1, uniq_jessica
D:4:      layout_gridville, minmay_overflow_temple_star_quad
D:5:      layout_cave_pools, nicolae_qazlal_style_of_elements, temple_hall,
          uniq_sigmund, uniq_eustachio

Skill      XL: |  1  2  3  4  5  6  7 |
---------------+----------------------+-----
Fire Magic     | 4 5 6 |  6.3
Spellcasting   | 3 4 5 |  5.0
Conjurations   | 4 5 |  5.3
Staves         | 1 2 |  2.3
Fighting       | 1 |  1.3
Dodging        | 3 |  3.0
Stealth        | |  1.4

Action                   |  1- 3 |  4- 6 |  7- 9 || total
-------------------------+-------+-------+-------++-------
Melee: Unarmed           |     4 |       |       ||     4
       Lajatang          |       |    16 |     5 ||    21
 Cast: Foxfire           |    13 |    20 |    16 ||    49
       Scorch            |     6 |    14 |     5 ||    25
       Flame Wave        |       |     1 |     3 ||     4
  Use: Potion            |     1 |     4 |     1 ||     6
       Scroll            |       |     1 |     5 ||     6
Armor: Robe              |     4 |     3 |     5 ||    12
Dodge: Dodged            |     8 |    19 |    23 ||    50
